 Dungeon Crawl Stone Soup version 0.22-a0-570-g58866f5d57 (webtiles) character file.

33369 PikkenKukken the Grappler (level 13, -14/131 HPs)
             Began as a Troll Fighter on June 29, 2018.
             Was an Elder of Qazlal.
             Demolished by a hornet (18 damage)
             ... while paralysed by a hornet
             ... on level 6 of the Lair of Beasts on June 30, 2018.
             The game lasted 00:44:12 (14378 turns).

PikkenKukken the Grappler (Troll Fighter)          Turns: 14378, Time: 00:44:13

Health: -14/131    AC:  9    Str: 31    XL:     13   Next: 36%
Magic:  16/16      EV:  1    Int:  4    God:    Qazlal [****..]
Gold:   79         SH:  0    Dex: 17    Spells: 12/12 levels left

rFire    + + .     SeeInvis .     - Unarmed
rCold    + . .     Gourm    +   b - +0 shield
rNeg     . . .     Faith    .   J - +2 robe {rC+ rF+}
rPois    +         Spirit   .   (helmet restricted)
rElec    .         Reflect  .   z - +1 cloak {rPois}
rCorr    .         Harm     .   (gloves unavailable)
MR       .....                  (boots unavailable)
Stlth    +.........             Q - amulet "Makonlef" {Regen+ Str+4}
HPRegen  1.11/turn              K - ring of protection from fire
MPRegen  0.15/turn              o - +4 ring of dexterity

@: paralysed, repel missiles
A: large, unfitting armour, claws 3, fast metabolism 3, gourmand, regeneration
1, shaggy fur 1, tough skin 2
a: Upheaval, Elemental Force, Renounce Religion


You were on level 6 of the Lair of Beasts.
You worshipped Qazlal.
Qazlal was greatly pleased with you.
You were completely stuffed.

You visited 2 branches of the dungeon, and saw 15 of its levels.

You collected 714 gold pieces.
You spent 635 gold pieces at shops.

Inventory:

Hand Weapons
 x - the +7 flail of the Vendetta {flame, Dex+3}
   (You found it on level 6 of the Dungeon)

   It has been specially enchanted to burn those struck by it, causing extra
   injury to most foes and up to half again as much damage against particularly
   susceptible opponents.
   It affects your dexterity (+3).
Missiles
 h - 16 tomahawks
 n - 4 javelins (quivered)
 D - 7 large rocks
Armour
 b - a +0 shield (worn)
 f - a +0 robe of magic resistance
 q - a scarf of resistance
 z - a +1 cloak of poison resistance (worn)
 F - +0 steam dragon scales
 J - a +2 robe of resistance (worn)
Jewellery
 g - an uncursed ring of positive energy
 o - a +4 ring of dexterity (right claw)
 s - an uncursed amulet of the acrobat
 A - a +2 amulet of reflection {unknown}
 K - a ring of protection from fire (left claw)
 Q - the amulet "Makonlef" (around neck) {Regen+ Str+4}
   (You bought it in a shop on level 8 of the Dungeon)

   [amulet of regeneration]

   It affects your strength (+4).
   It increases your rate of regeneration.
Wands
 a - a wand of iceblast (40)
 y - a wand of paralysis (11)
 B - a wand of polymorph (9)
 I - a wand of digging (28)
Scrolls
 i - 2 scrolls of noise
 k - 2 scrolls of amnesia
 l - 9 scrolls of remove curse
 r - 5 scrolls of teleportation
 t - 3 scrolls of identify
 u - 2 scrolls of magic mapping
 w - 2 scrolls of enchant weapon
 N - a scroll of fear
Potions
 c - a potion of might
 e - 12 potions of curing
 j - 2 potions of resistance
 m - 2 potions of heal wounds
 p - a potion of invisibility
 C - a potion of ambrosia
 L - 2 potions of flight
 M - 2 potions of agility
 O - a potion of brilliance
 P - a potion of haste
Comestibles
 d - 22 rations
 v - 12 chunks of flesh


   Skills:
 + Level 9.5 Fighting
 + Level 4.7 Throwing
 + Level 9.4 Dodging
 + Level 9.5 Shields
 + Level 11.0 Unarmed Combat
 + Level 6.3 Invocations


You had 12 spell levels left.
You didn't know any spells.
Your spell library contained the following spells:

 Spells                   Type           Power        Failure   Level  Hunger
 Animate Dead             Necr           N/A          99%         4    #####..
 Pain                     Necr           #...         50%         1    ##.....
 Animate Skeleton         Necr           N/A          50%         1    ##.....
 Vampiric Draining        Necr           #.........   86%         3    ####...
 Regeneration             Chrm/Necr      #.........   86%         3    ####...


Dungeon Overview and Level Annotations

Branches:
Dungeon (9/15)             Temple (0/1) D:4            Lair (6/6) D:9
  Swamp (0/4) Lair:4        Snake (0/4) Lair:2          Orc (0/2) D:9
  Slime: Lair:5-6

Altars:
Qazlal

Shops:
D:5 :   D:8 !?==%

Annotations:
Lair:1 1 runed door, Unucuhic's ghost, novice MiCK
Lair:4 exclusion: 3 oklob plants
Lair:5 3 runed doors, Xerofum's ghost, journeyman HOMo


Innate Abilities, Weirdness & Mutations

You are too large for most types of armour.
You have claws for hands.
Your metabolism is lightning-fast.
You like to eat raw meat.
Your natural rate of healing is unusually fast.
You are covered in fur. (AC +1)
You have very tough skin. (AC +2)


Message History

Qazlal accepts your kill. The black mamba barely misses you.
You block the hornet's attack.
You scratch the wyvern but do no damage.
You block the black mamba's attack. The hornet stings you!
You suddenly lose the ability to move!
The black mamba completely misses you. The wyvern bites you! x2
You hear a roar!
The hornet stings you. The black mamba bites you. The wyvern bites you! x2
* * * LOW HITPOINT WARNING * * *
The hornet stings you!
* * * LOW HITPOINT WARNING * * *
The black mamba bites you!
* * * LOW HITPOINT WARNING * * *
The wyvern bites you!
* * * LOW HITPOINT WARNING * * *
The wyvern bites you but does no damage.
The black mamba bites you!
* * * LOW HITPOINT WARNING * * *
The hornet stings you!!
You die...

# ######## .##
..###.#..#.##..P#.
........§<........
.....§.ll.†.......
.....§.@y.........
##...§§.S...#...#.
##..§#P...#.###.#
......#P...#... #
..... ..........
................
.... ..........
.P.. ....#.P...


You could see a black mamba, a hornet and 2 wyverns.

Vanquished Creatures
  4 hydras
  Erica (Lair:1)
  4 two-headed ogres
  5 death yaks
  A lindwurm (Lair:4)
  16 elephants
  Maurice (D:8)
  3 spiny frogs
  3 komodo dragons
  2 polar bears
  14 blink frogs
  6 dream sheep
  7 hippogriffs
  A spriggan (Lair:5)
  15 yaks
  A basilisk (Lair:5)
  2 wyverns
  A steam dragon (D:9)
  4 nagas (Lair:2)
  5 insubstantial wisps (Lair:4)
  11 water moccasins
  An ice beast (D:7)
  13 porcupines
  A sky beast (D:5)
  A hornet zombie (D:9)
  2 orc warriors
  2 phantoms
  A black bear (Lair:4)
  A necrophage (D:9)
  4 centaurs
  9 ogres
  7 wolves
  7 crocodiles
  Blork the orc (D:4)
  10 bullfrogs
  2 scorpions
  7 wights (D:8)
  5 howler monkeys
  An electric eel (Lair:4)
  2 crimson imps
  2 bullfrog zombies
  A centaur skeleton (D:4)
  3 hounds
  3 orc priests
  4 orc wizards
  6 worker ants
  2 hound skeletons
  A worker ant zombie (D:4)
  13 adders
  A shadow imp (D:6)
  An ooze (D:4)
  3 adder skeletons
  2 adder zombies (D:4)
  4 worms
  6 dart slugs
  4 leopard geckos
  29 orcs
  9 bats
  5 giant cockroaches
  13 goblins
  5 hobgoblins
  7 jackals
  7 kobolds
  4 quokkas
  2 ball pythons
  5 frilled lizards
  11 rats
337 creatures vanquished.

Vanquished Creatures (others)
  3 fungi (Lair:5)
  12 plants
15 creatures vanquished.

Grand Total: 352 creatures vanquished

Notes
Turn   | Place    | Note
-------+----------+-------------------------------------------
     0 | D:1      | PikkenKukken the Troll Fighter began the quest for the Orb.
     0 | D:1      | Reached XP level 1. HP: 22/22 MP: 0/0
    80 | D:1      | Reached XP level 2. HP: 29/29 MP: 1/1
   240 | D:1      | Reached XP level 3. HP: 34/36 MP: 2/2
   861 | D:2      | Reached XP level 4. HP: 44/44 MP: 3/3
  1535 | D:3      | Reached skill level 3 in Unarmed Combat
  2052 | D:3      | Reached XP level 5. HP: 46/53 MP: 4/4
  2116 | D:3      | Found a stormy altar of Qazlal.
  2129 | D:3      | Became a worshipper of Qazlal Stormbringer
  2293 | D:3      | Found a faded altar of an unknown god.
  2383 | D:4      | Noticed Blork the orc
  2390 | D:4      | Killed Blork the orc
  2558 | D:4      | Reached XP level 6. HP: 61/61 MP: 5/5
  2728 | D:4      | Found a staircase to the Ecumenical Temple.
  2974 | D:4      | Reached skill level 4 in Unarmed Combat
  3015 | D:4      | Reached * piety under Qazlal
  3015 | D:4      | Reached XP level 7. HP: 39/68 MP: 6/6
  3362 | D:5      | Entered Level 5 of the Dungeon
  3924 | D:5      | Found Ykhlor's Book Emporium.
  3946 | D:5      | Upgraded the game from 0.22-a0-565-gfc6459a524 to 0.22-a0-570-g58866f5d57
  4145 | D:5      | Reached skill level 5 in Unarmed Combat
  4145 | D:5      | Reached XP level 8. HP: 38/79 MP: 7/7
  4464 | D:6      | Got a translucent flail
  4465 | D:6      | Identified the +7 flail of the Vendetta {flame, Dex+3} (You found it on level 6 of the Dungeon)
  4688 | D:6      | Reached skill level 5 in Shields
  4694 | D:6      | Reached skill level 5 in Fighting
  4923 | D:6      | Reached ** piety under Qazlal
  5168 | D:7      | Reached skill level 5 in Dodging
  5470 | D:7      | Noticed a two-headed ogre
  5499 | D:7      | Killed a two-headed ogre
  5499 | D:7      | Reached skill level 6 in Unarmed Combat
  5499 | D:7      | Reached XP level 9. HP: 16/89 MP: 8/8
  6070 | D:8      | Found Fereudd's Jewellery Boutique.
  6072 | D:8      | Noticed Maurice
  6080 | D:8      | Killed Maurice
  6080 | D:8      | Reached skill level 1 in Throwing
  6080 | D:8      | Reached skill level 1 in Invocations
  6180 | D:8      | Found Epleitob's Jewellery Emporium.
  6195 | D:8      | Noticed a two-headed ogre
  6230 | D:8      | Killed a two-headed ogre
  6230 | D:8      | Reached skill level 7 in Unarmed Combat
  6300 | D:8      | Noticed a two-headed ogre
  6329 | D:8      | Killed a two-headed ogre
  6329 | D:8      | Reached XP level 10. HP: 100/100 MP: 10/10
  6395 | D:8      | Found Ekuep's Magic Scroll Emporium.
  6398 | D:8      | Found Kaanaxaun's Distillery.
  6979 | D:8      | Found Xexyev's Food Boutique.
  7051 | D:9      | Noticed a two-headed ogre
  7062 | D:9      | Killed a two-headed ogre
  7260 | D:9      | Reached *** piety under Qazlal
  7307 | D:9      | Found a staircase to the Lair.
  7405 | D:9      | Found a staircase to the Orcish Mines.
  7436 | D:9      | Reached skill level 8 in Unarmed Combat
  8262 | Lair:1   | Entered Level 1 of the Lair of Beasts
  8316 | Lair:1   | Found a runed door.
  8317 | Lair:1   | Noticed Unucuhic's ghost (novice MiCK)
  8318 | Lair:1   | Noticed a spriggan rider
  8597 | Lair:1   | Reached XP level 11. HP: 76/109 MP: 13/13
  8801 | Lair:1   | Noticed Erica
  8809 | Lair:1   | Killed Erica
  9519 | Lair:2   | Reached skill level 5 in Invocations
  9904 | Lair:2   | Reached **** piety under Qazlal
  9993 | Lair:2   | Reached skill level 9 in Unarmed Combat
 10213 | Lair:2   | Found a staircase to the Snake Pit.
 11699 | Lair:4   | Noticed a death yak
 11699 | Lair:4   | Noticed a death yak
 11701 | Lair:4   | Noticed a death yak
 11702 | Lair:4   | Noticed a death yak
 11705 | Lair:4   | Noticed a death yak
 11731 | Lair:3   | Killed a death yak
 11742 | Lair:3   | Killed a death yak
 11984 | D:8      | Bought the amulet "Makonlef" {Regen+ Str+4} for 635 gold pieces
 12101 | Lair:3   | Killed a death yak
 12104 | Lair:3   | Killed a death yak
 12104 | Lair:3   | Reached XP level 12. HP: 49/120 MP: 14/14
 12178 | Lair:4   | Killed a death yak
 12239 | Lair:4   | Reached skill level 10 in Unarmed Combat
 12307 | Lair:4   | Noticed a four-headed hydra
 12316 | Lair:4   | Killed a four-headed hydra
 12548 | Lair:4   | Found a staircase to the Swamp.
 13023 | Lair:5   | Noticed a five-headed hydra
 13033 | Lair:4   | Killed a nine-headed hydra
 13279 | Lair:5   | Noticed a six-headed hydra
 13320 | Lair:4   | Killed a nine-headed hydra
 13561 | Lair:5   | Reached XP level 13. HP: 87/131 MP: 16/16
 13656 | Lair:5   | Found a runed gate.
 13657 | Lair:5   | Found a runed gate.
 13658 | Lair:5   | Found a runed gate.
 13872 | Lair:5   | Noticed Xerofum's ghost (journeyman HOMo)
 14146 | Lair:6   | Entered Level 6 of the Lair of Beasts
 14329 | Lair:5   | Reached skill level 11 in Unarmed Combat
 14376 | Lair:6   | Paralysed by a hornet for 2 turns
 14378 | Lair:6   | HP: 4/131 [black mamba (10)]
 14378 | Lair:6   | Demolished by a hornet

Vault maps used:
D:1:      evilmike_arrival_crescent
D:2:      first_ration
D:3:      lemuel_round_altar, chequers_ecumenical_altar_grove,
          kennysheep_generic_room_8
D:4:      wad_river_or_something, minmay_temple_entry_statues_fountains,
          serial_undead, serial_undead_b, serial_undead_d, serial_undead_b,
          serial_undead_a, serial_undead_f, serial_undead_c,
          hangedman_decor_growths, uniq_blork_the_orc
D:5:      serial_shops, nicolae_shop_stone, minivault_26
D:7:      serial_corexii_hall, corexii_hall_statues_x, corexii_hall_statues_u,
          corexii_hall_statues_x, corexii_hall_statues_x
D:8:      serial_shops, shop, shop, nicolae_shop_crystal, shop, shop_scrolls,
          uniq_maurice
D:9:      lair_entry_dummy, orc_0_dummy
Lair:1:   ebering_ghost_funeral_grove, uniq_erica
Lair:2:   minmay_snake_entry_guardpost_medium
Lair:4:   minmay_swamp_entry_wisps, st_stairs_11, minmay_lair_oklob_chamber,
          serial_bayou_shore_b, serial_bayou_shore_b, grunt_megastairs_4,
          infiniplex_staircase_pool_2
Lair:5:   gammafunk_ghost_icy, forest_entry_grove
Lair:6:   gammafunk_lair_ancient_temple, slime_dummy, gammafunk_ghost_arena,
          infiniplex_staircase_pool

Skill      XL: |  1  2  3  4  5  6  7  8  9 10 11 12 13 |
---------------+----------------------------------------+-----
Shields        | 3 4 5 6 7 8 9 |  9.5
Fighting       | 3 4 5 6 7 8 9 |  9.5
Dodging        | 3 4 5 6 7 8 9 |  9.4
Unarmed Combat | 3 4 5 6 7 8 9 10 11 | 11.0
Throwing       | 2 3 4 |  4.7
Invocations    | 2 4 5 6 |  6.3

Action                   |  1- 3 |  4- 6 |  7- 9 | 10-12 | 13-15 || total
-------------------------+-------+-------+-------+-------+-------++-------
Melee: Unarmed           |   125 |   175 |   221 |   552 |   121 ||  1194
Throw: Tomahawk          |       |     5 |    57 |    23 |       ||    85
       Large rock        |       |       |       |     7 |       ||     7
       Javelin           |       |       |       |    16 |       ||    16
Invok: Upheaval          |       |       |       |     2 |     1 ||     3
       Elemental Force   |       |       |       |     1 |       ||     1
  Use: Scroll            |     3 |     7 |     3 |     7 |       ||    20
       Potion            |       |     4 |       |     2 |     1 ||     7
 Stab: Sleeping          |       |     3 |       |       |       ||     3
  Eat: Chunk             |    14 |    17 |    33 |    53 |     8 ||   125
       Ration            |       |       |       |     4 |       ||     4
Armor: Robe              |    47 |    35 |    22 |    89 |    38 ||   231
Dodge: Dodged            |    56 |    56 |    61 |   234 |    95 ||   502
Block: Shield            |    65 |    66 |    97 |   464 |   147 ||   839

Table legend:
 A = Spawn XP
 B = Non-spawn XP
 C = Spawn XP percentage of total XP
 D = Spawn monster count
 E = Non-spawn monster count
 F = Spawn count percentage of total count
 G = Total turns spent on level
                    A         B        C        D         E        F      G
               +---------+---------+-------+---------+---------+-------+---------
         Total |       0 |   47670 |   0.0 |       0 |     337 |   0.0 | 14378
               +---------+---------+-------+---------+---------+-------+---------
           D:1 |       0 |      60 |   0.0 |       0 |      30 |   0.0 |   624
           D:2 |       0 |      74 |   0.0 |       0 |      27 |   0.0 |   887
           D:3 |       0 |     100 |   0.0 |       0 |      25 |   0.0 |   861
           D:4 |       0 |     675 |   0.0 |       0 |      22 |   0.0 |   990
           D:5 |       0 |     625 |   0.0 |       0 |      10 |   0.0 |   971
           D:6 |       0 |     512 |   0.0 |       0 |      23 |   0.0 |   752
           D:7 |       0 |    1634 |   0.0 |       0 |      20 |   0.0 |   955
           D:8 |       0 |    3958 |   0.0 |       0 |      25 |   0.0 |  1219
           D:9 |       0 |    2173 |   0.0 |       0 |      21 |   0.0 |  1127
        Lair:1 |       0 |    4550 |   0.0 |       0 |      20 |   0.0 |  1177
        Lair:2 |       0 |    2791 |   0.0 |       0 |      14 |   0.0 |  1285
        Lair:3 |       0 |    3741 |   0.0 |       0 |       6 |   0.0 |  1181
        Lair:4 |       0 |   14187 |   0.0 |       0 |      45 |   0.0 |  1259
        Lair:5 |       0 |    9511 |   0.0 |       0 |      41 |   0.0 |  1043
        Lair:6 |       0 |    3079 |   0.0 |       0 |       8 |   0.0 |    47
               +---------+---------+-------+---------+---------+-------+---------
